 Dungeon Crawl Stone Soup version 0.30-b1-2-g02819fbbbe (webtiles) character file.

Game seed: 9786688517249640668

229 Mesmaeker13 the Shooter (level 6, -10/49 HPs)
             Began as a Barachi Hunter on July 27, 2023.
             Mangled by an ogre
             ... wielding a +0 giant spiked club
              (25 damage)
             ... on level 4 of the Dungeon.
             The game lasted 00:03:59 (1983 turns).

Mesmaeker13 the Shooter (Barachi Hunter)            Turns: 1983, Time: 00:03:59

Health: -10/49     AC:  8    Str: 12    XL:     6   Next: 3%
Magic:  15/15      EV: 13    Int: 10    God:
Gold:   155        SH:  0    Dex: 17    Spells: 5/5 levels left

rFire   . . .        a - +0 shortbow
rCold   . . .        (shield currently unavailable)
rNeg    . . .        c - +0 leather armour
rPois   .            (no helmet)
rElec   .            k - +0 cloak
rCorr   .            m - +2 pair of gloves
SInv    .            n - +0 pair of boots
Will    .....        (no amulet)
Stlth   ++           e - ring of magical power
HPRegen 0.28/turn    (no ring)
MPRegen 0.14/turn

%: no passive effects
@: slow
A: amphibious, slowness 1, strong legs 1, +LOS
a: Hop


You were on level 4 of the Dungeon.
You visited 1 branch of the dungeon, and saw 4 of its levels.

You collected 155 gold pieces.

Inventory:

Hand Weapons
 a - a +0 shortbow (weapon)
 o - a +0 scimitar
Armour
 c - a +0 leather armour (worn)
 k - a +0 cloak (worn)
 m - a +2 pair of gloves (worn)
 n - a +0 pair of boots (worn)
 w - a +2 robe of resistance
Jewellery
 e - a ring of magical power (left hand)
 s - the amulet of Elemental Vulnerability {rPois rF-- rC-- AC+8}
   (You found it on level 2 of the Dungeon)

   [amulet of nothing]

   AC:        It affects your AC (+8).
   rF:        It makes you very vulnerable to fire.
   rC:        It makes you very vulnerable to cold.
   rPois:     It protects you from poison.
Wands
 u - a wand of mindburst (8)
 v - a wand of roots (3)
Scrolls
 b - a scroll of immolation
 i - 2 scrolls of enchant armour {unknown}
 j - 2 scrolls of blinking
 q - a scroll of poison
 r - a scroll of vulnerability
 y - a scroll of enchant weapon {unknown}
 A - a scroll of teleportation {unknown}
Potions
 d - 6 potions of curing
 f - 2 potions of degeneration
 h - 3 potions of attraction
 l - a potion of flight {unknown}
 p - a potion of might {unknown}
 t - a potion of heal wounds {unknown}
 x - a potion of cancellation {unknown}
 z - a potion of lignification {unknown}


   Skills:
 + Level 4.6 Fighting
 + Level 5.2 Ranged Weapons
 + Level 4.2 Dodging
 - Level 0.8 Stealth


You had 5 spell levels left.
You didn't know any spells.
Your spell library contained the following spells:

 Spells                   Type           Power      Damage    Failure   Level
 Sandblast                Erth           0%         2d4       43%         1
 Passwall                 Tmut/Erth      0%         N/A       58%         2
 Stone Arrow              Conj/Erth      0%         3d7       82%         3


Dungeon Overview and Level Annotations

Branches:
Dungeon (4/15)
 Temple: D:4-7

Altars:
Ru
Vehumet


Innate Abilities, Weirdness & Mutations

You are amphibious.
You cover ground slowly.
You can hop short distances.
You have an extended range of vision and can be seen from far away.


Message History

The ogre is heavily wounded.
The goblin shoots a sling bullet.
The sling bullet hits you but does no damage.
The ogre hits you with a +0 giant spiked club.
The goblin shoots a sling bullet.
The sling bullet closely misses you.
Fire: a) +0 shortbow
Press: ? - help, Q - select action, (/) - cycle Shift-Dir - straight line, f/p - ogre
Aim: an ogre, wielding a +0 giant spiked club (heavily wounded, 77% to hit)
You shoot an arrow. The arrow barely misses the ogre.
The goblin shoots a sling bullet.
The sling bullet barely misses you.
The ogre hits you with a +0 giant spiked club!
You hear a shout!
Fire: a) +0 shortbow
Press: ? - help, Q - select action, (/) - cycle Shift-Dir - straight line, f/p - ogre
Aim: an ogre, wielding a +0 giant spiked club (heavily wounded, 77% to hit)
You shoot an arrow. The arrow hits the ogre.
The ogre is severely wounded.
A hobgoblin comes into view.
The goblin shoots a sling bullet.
The sling bullet closely misses you.
Fire: a) +0 shortbow
Press: ? - help, Q - select action, (/) - cycle Shift-Dir - straight line, f/p - ogre
Aim: an ogre, wielding a +0 giant spiked club (severely wounded, 77% to hit)
You shoot an arrow. The arrow hits the ogre.
The ogre is almost dead.
The ogre hits you with a +0 giant spiked club!!
The goblin shoots a sling bullet.
The sling bullet closely misses you.
Fire: a) +0 shortbow
Press: ? - help, Q - select action, (/) - cycle Shift-Dir - straight line, f/p - ogre
Aim: an ogre, wielding a +0 giant spiked club (severely wounded, 77% to hit)
You shoot an arrow. The arrow hits the ogre.
The ogre is almost dead.
The goblin shoots a sling bullet.
The sling bullet closely misses you. The ogre closely misses you.
Fire: a) +0 shortbow
Press: ? - help, Q - select action, (/) - cycle Shift-Dir - straight line, f/p - ogre
Aim: an ogre, wielding a +0 giant spiked club (almost dead, 77% to hit)
You shoot an arrow. The arrow barely misses the ogre.
The ogre hits you with a +0 giant spiked club!!
Ouch! That really hurt!
You die...

g.?.>.# ..#..#.#..#.......
....... ..........##....#
........#..............#
...#.....##.>......[...†.##
...#.........#............#
.......!....##..#....)##.....
#.....#.....#..#......# .#..
#.....#.....#.........# #
#....#.....@....<....##
##.......#.O....†......#
#.......##.................
#........#g................
#...........#........(.#...##
+......<..g##...........##.#
#.#####..(.###..........# ...
# #...... #........#.# ..
.........##......#..


You could see an ogre, a hobgoblin and a goblin.

Vanquished Creatures
  An ogre (D:4)
  Jessica (D:3)
  A gnoll (D:1)
  4 adders
  2 worms
  A dart slug (D:2)
  2 orcs (D:3)
  2 ball pythons (D:1)
  9 endoplasms
  3 giant cockroaches
  6 goblins
  5 hobgoblins
  3 jackals (D:2)
  4 kobolds
  4 quokkas
  11 bats
  2 frilled lizards
  4 rats
65 creatures vanquished.

Notes
Turn   | Place    | Note
-------+----------+-------------------------------------------
     0 | D:1      | Mesmaeker13 the Barachi Hunter began the quest for the Orb.
     0 | D:1      | Reached XP level 1. HP: 17/17 MP: 1/1
    98 | D:1      | Reached XP level 2. HP: 23/23 MP: 2/2
   334 | D:1      | Reached XP level 3. HP: 20/29 MP: 3/3
   937 | D:2      | Found a faded altar of an unknown god.
   964 | D:2      | Reached XP level 4. HP: 35/35 MP: 4/4
  1024 | D:2      | Found a sacrificial altar of Ru.
  1287 | D:2      | Found the amulet of Elemental Vulnerability {rPois rF--
                  | rC-- AC+8}
  1581 | D:3      | Noticed Jessica
  1605 | D:3      | Killed Jessica
  1606 | D:3      | Reached XP level 5. HP: 36/42 MP: 5/5
  1631 | D:3      | Found a radiant altar of Vehumet.
  1893 | D:4      | Noticed an ogre
  1906 | D:4      | Killed an ogre
  1907 | D:4      | Reached skill level 5 in Ranged Weapons
  1914 | D:4      | Reached XP level 6. HP: 37/49 MP: 6/6
  1983 | D:4      | Mangled by an ogre

Illustrated notes

Levels and vault maps discovered:
D:1:      minmay_arrival_three_doors, layout_basic, minmay_distorted
D:2:      layout_basic, basic_altar, shapermc_ecumenical_altar_totnotflames,
          minmay_quantized
D:3:      layout_rooms, mainiacjoe_overflow_concentric_impassable, uniq_jessica
D:4:      layout_cave_pools, serial_shops, nicolae_shop_tiny_real_fake_doors,
          saegor_snake_ambush

Skill      XL: |  1  2  3  4  5 |
---------------+----------------+-----
Fighting       | 3 4 |  4.6
Dodging        | 3 4 |  4.2
Ranged Weapons | 5 |  5.2
Stealth        | |  0.8

Action                     |  1- 3 |  4- 6 || total
---------------------------+-------+-------++-------
   Fire: Shortbow          |    90 |    98 ||   188
Ability: Hop               |     1 |     1 ||     2
    Use: Scroll            |       |     6 ||     6
 Armour: Leather armour    |     5 |    10 ||    15
  Dodge: Dodged            |    16 |    28 ||    44
